 Dungeon Crawl Stone Soup version 0.18-a0-1392-g59a4c01 (webtiles) character file.

238 Oddball22 the Caller (level 6, 0/36 HPs)
             Began as an Octopode Summoner on Feb 23, 2016.
             Slain by a giant frog skeleton (1 damage)
             ... on level 5 of the Dungeon.
             The game lasted 00:11:38 (3950 turns).

Oddball22 the Caller (Octopode Summoner)            Turns: 3950, Time: 00:11:38

Health: 0/36       AC:  1    Str: 10    XL:     6   Next: 7%
Magic:  9/12       EV: 12    Int: 20    God:
Gold:   138        SH:  0    Dex: 12    Spells: 4 memorised, 4 levels left

rFire  . . .     SeeInvis .     h - +2 dagger (speed)
rCold  . . .     Gourm    .     (no shield)
rNeg   . . .     Faith    .     (helmet restricted)
rPois  .         Spirit   .     (no amulet)
rElec  .         Dismiss  .     u - +3 ring of strength
rCorr  .         Reflect  .     w - ring of protection from magic
SustAt .         Harm     .     (no ring)
MR     +....                    (no ring)
Stlth  ++++......               (no ring)
                                (no ring)
                                (no ring)
                                (no ring)

@: flying, somewhat resistant to hostile enchantments, stealthy
A: almost no armour, amphibious, 8 rings, constrict 8, camouflage 1, gelatinous
body 1
a: no special abilities


You were on level 5 of the Dungeon.
You were not hungry.

You visited 1 branch of the dungeon, and saw 5 of its levels.

You collected 138 gold pieces.

Inventory:

Hand Weapons
 h - a +2 dagger of speed (weapon)
Missiles
 m - 20 poisoned needles
Jewellery
 u - a +3 ring of strength (left tentacle)
 w - a ring of protection from magic (right tentacle)
Scrolls
 c - 3 scrolls of teleportation {unknown}
 d - 5 scrolls of identify {unknown}
 f - a scroll of enchant armour {unknown}
 g - a scroll of recharging {unknown}
 i - a scroll of fog {unknown}
 k - a scroll of fear {unknown}
 q - a scroll of blinking {unknown}
 r - a scroll of remove curse {unknown}
 v - a scroll of enchant weapon {unknown}
Potions
 e - a potion of cure mutation {unknown}
 j - a potion of flight
 n - a potion of mutation {unknown}
 o - a potion of curing
 p - 2 potions of lignification {unknown}
Books
 a - a book of Callings

   Spells                             Type                      Level
   a - Summon Small Mammal            Summoning                    1
   b - Call Imp                       Summoning                    2
   c - Call Canine Familiar           Summoning                    3
   d - Summon Guardian Golem          Hexes/Summoning              3
   e - Summon Lightning Spire         Summoning/Air                4
   f - Summon Ice Beast               Ice/Summoning                4
Comestibles
 b - 3 bread rations
 l - 2 beef jerkies
 s - 3 fruits
 t - a meat ration
 x - a slice of pizza


   Skills:
 - Level 2.0 Dodging
 + Level 4.9 Stealth
 * Level 4.1 Spellcasting
 + Level 5.0 Summonings


You had 4 spell levels left.
You knew the following spells:

 Your Spells              Type           Power        Failure   Level  Hunger
a - Summon Small Mammal   Summ           ###.         1%          1    None
b - Call Imp              Summ           ###.....     2%          2    #......
c - Call Canine Familiar  Summ           ###.....     6%          3    ###....
d - Summon Guardian Gole  Hex/Summ       ##......     14%         3    ###....


Dungeon Overview and Level Annotations

Branches:
Dungeon (5/15)
 Temple: D:4-7

Altars:
Dithmenos
Gozag
Kikubaaqudgha
Okawaru


Innate Abilities, Weirdness & Mutations

You cannot wear most types of armour.
You are amphibious.
You can wear up to eight rings at the same time.
You can use your tentacles to constrict eight enemies at once.
Your skin changes colour to match your surroundings (Stealth).
Your rubbery body absorbs attacks (AC +1).


Message History

It was a potion of flight.
You feel very buoyant.
You fly up into the air.
Your hound bites the iguana but does no damage.
The orc barely misses your hound.
The giant frog skeleton barely misses you.
Your hound bites the iguana.
The iguana dies!
Your Summonings skill increases to level 5!
You have reached level 6!
Your experience leads to an increase in your attributes!
Your base attributes are Str 7, Int 19, Dex 12.
Increase (S)trength, (I)ntelligence, or (D)exterity?
You feel clever.
Drink which item? (? for menu, Esc to quit)
It was a potion of curing.
You feel better. The giant frog skeleton hits you.
* * * LOW HITPOINT WARNING * * *
Your hound bites the giant frog skeleton.
The orc barely misses your hound. The giant frog skeleton hits you.
You die...

#......<###.# ####.#
#.......# #.# ##....
.........###.#####..#
.....###...#.#.....#
####. #.#.....#####
#. #.##...## #.##.###
#.##.# #@#
.###.##Z######.
.....ooh†......
o....oo.#######
...<)#### ..... ....
#.. ..#


You could see an orc wizard, 2 orcs, a giant frog skeleton and a friendly hound.

Vanquished Creatures
  2 hounds
  A centaur skeleton (D:4)
  A shadow imp (D:5)
  A worm (D:2)
  A dart slug (D:2)
  A giant gecko (D:2)
  An orc (D:3)
  2 ball pythons (D:1)
  5 bats
  3 bat zombies (D:4)
  3 giant cockroaches
  9 goblins
  5 hobgoblins (D:1)
  2 jackals (D:3)
  3 giant newts
  7 kobolds
  8 rats
55 creatures vanquished.

Vanquished Creatures (collateral kills)
  A giant frog zombie (D:4)
  A hound (D:4)
  Ijyb (D:3)
  An iguana (D:5)
  A worker ant (D:4)
  A gnoll (D:1)
  3 worms
  2 dart slugs (D:1)
  2 bat skeletons (D:4)
  4 goblins
  2 hobgoblins
  2 jackals (D:3)
  2 rats (D:1)
23 creatures vanquished.

Grand Total: 78 creatures vanquished

Notes
Turn   | Place    | Note
--------------------------------------------------------------
     0 | D:1      | Oddball22 the Octopode Summoner began the quest for the Orb.
     0 | D:1      | Reached XP level 1. HP: 11/11 MP: 3/3
   778 | D:1      | Reached XP level 2. HP: 17/17 MP: 5/5
   784 | D:1      | Learned a level 2 spell: Call Imp
  1227 | D:1      | Reached XP level 3. HP: 21/21 MP: 1/7
  1788 | D:2      | Learned a level 3 spell: Call Canine Familiar
  1848 | D:2      | Found an iron altar of Okawaru.
  1933 | D:2      | Found an opulent altar of Gozag.
  1950 | D:2      | Found a shadowy altar of Dithmenos.
  2724 | D:3      | Reached XP level 4. HP: 27/27 MP: 5/8
  2729 | D:3      | Learned a level 3 spell: Summon Guardian Golem
  2817 | D:3      | Noticed Ijyb
  2846 | D:3      | Killed Ijyb
  3326 | D:4      | Reached XP level 5. HP: 24/31 MP: 6/10
  3651 | D:4      | Found an ancient bone altar of Kikubaaqudgha.
  3866 | D:4      | Noticed a slave
  3886 | D:5      | Entered Level 5 of the Dungeon
  3949 | D:5      | Reached skill level 5 in Summonings
  3949 | D:5      | Reached XP level 6. HP: 2/36 MP: 9/12
  3950 | D:5      | HP: 1/36 [giant frog skeleton (6)]
  3950 | D:5      | Slain by a giant frog skeleton

Vault maps used:
D:1:      eino_arrival_cavern_e
D:2:      grunt_temple_overflow_open, nicolae_dithmenos_through_a_glass_darkly
D:3:      kennysheep_the_goblin_king
D:4:      kennysheep_vampire_church, first_bread, uniq_pikel

Skill      XL: |  1  2  3  4  5 |
---------------+----------------+-----
Stealth        | 3 4 |  4.9
Spellcasting   | 3 4 |  4.1
Summonings     | 5 |  5.0
Dodging        | |  2.0

Action                   |  1- 3 |  4- 6 || total
-------------------------+-------+-------++-------
Melee: Club              |    16 |       ||    16
       Unarmed           |     6 |       ||     6
       Dagger            |    59 |    65 ||   124
 Cast: Call Imp          |    16 |     2 ||    18
       Summon Small Mamm |     4 |       ||     4
       Call Canine Famil |     3 |    13 ||    16
  Use: Potion            |       |     2 ||     2
 Stab: Sleeping          |     8 |     2 ||    10
       Distracted        |     3 |     1 ||     4
  Eat: Chunk             |     7 |     4 ||    11
       Fruit             |       |     1 ||     1
